[Event "European Online Club-ch-I 2021"]
[Site "Online"]
[Date "2021.03.27"]
[Round "8.12"]
[White "Boe, Mads"]
[Black "Cuenca Jimenez, Jose Fernando"]
[Result "1/2-1/2"]
[ECO "D02"]
[WhiteElo "2250"]
[BlackElo "2506"]
[Annotator "ChessBase"]
[PlyCount "129"]
[EventDate "2021.03.27"]
[EventType "team-tourn"]
[EventCountry "NET"]
[SourceTitle "playchess.com"]
[Source "ChessBase"]
[SourceQuality "1"]
[TimeControl "900+5"]

1. d4 d5 2. Nf3 e6 3. Bf4 Nf6 4. e3 c5 5. c3 Nc6 6. Bd3 Bd6 7. Bg3 O-O 8. Nbd2 b6 9. O-O Bb7 10. Qe2 Bxg3 11. hxg3 Qc7 12. dxc5 bxc5 13. e4 h6 14. Rfe1 Rfe8 15. e5 Nd7 16. g4 f6 17. exf6 Nxf6 18. g5 hxg5 19. Nxg5 e5 20. Bg6 Re7 21. Qe3 e4 22. Qxc5 Qf4 23. Qe3 Qh4 24. Bf5 g6 25. Bh3 Re5 26. Ne6 g5 27. Nc5 g4 28. Nxb7 gxh3 29. Qxh3 Qxh3 30. gxh3 Rb8 31. Nc5 Rxb2 32. Ncb3 Nh5 33. Reb1 Rxb1+ 34. Rxb1 Nf4 35. Kh2 Rg5 36. Rg1 Rxg1 37. Kxg1 Nxh3+ 38. Kg2 Nf4+ 39. Kf1 Kf7 40. c4 dxc4 41. Nxc4 Ke6 42. a3 Kd5 43. Ne3+ Ke5 44. Nc4+ Ke6 45. Ke1 Ne5 46. Nxe5 Kxe5 47. Kd2 Kd5 48. Ke3 Ng2+ 49. Ke2 Kc4 50. Nd2+ Kd4 51. Nb3+ Kd5 52. Nd2 Nh4 53. Ke3 Nf5+ 54. Kf4 Nd6 55. Ke3 Ke5 56. f3 Nf5+ 57. Ke2 e3 58. Nf1 Kf4 59. Nxe3 Nxe3 60. Kd3 Kxf3 61. Kc3 Ke4 62. Kb4 Kd5 63. Ka5 Nc4+ 64. Ka6 Nxa3 65. Kxa7 1/2-1/2

[Event "European Online Club-ch-I 2021"]
[Site "Online"]
[Date "2021.03.27"]
[Round "8.13"]
[White "Saric, Ivan"]
[Black "Arnaudov, G. Petar"]
[Result "1/2-1/2"]
[ECO "B12"]
[WhiteElo "2648"]
[BlackElo "2471"]
[Annotator "ChessBase"]
[PlyCount "126"]
[EventDate "2021.03.27"]
[EventType "team-tourn"]
[EventCountry "NET"]
[SourceTitle "playchess.com"]
[Source "ChessBase"]
[SourceQuality "1"]
[TimeControl "900+5"]

1. e4 c6 2. d4 d5 3. e5 Bf5 4. Nf3 e6 5. Be2 Ne7 6. O-O Ng6 7. Ne1 h5 8. c3 Nd7 9. Nc2 h4 10. Ne3 Bxb1 11. Rxb1 Ne7 12. b4 g6 13. a4 Nf5 14. Bd3 Be7 15. Bd2 Qc7 16. Qb3 f6 17. exf6 Nxf6 18. h3 Kf7 19. Rfe1 Qd6 20. b5 Bd8 21. bxc6 bxc6 22. Qb4 Qxb4 23. Rxb4 Nd6 24. Reb1 Re8 25. c4 dxc4 26. Nxc4 Nxc4 27. Rxc4 Rc8 28. Rbc1 Nd5 29. Rxc6 Rxc6 30. Rxc6 Bf6 31. Be3 Re7 32. Bc4 Rd7 33. Bxd5 exd5 34. a5 Rb7 35. a6 Rb4 36. Rc7+ Ke6 37. Rxa7 Bxd4 38. Rb7 Ra4 39. Bxd4 Rxd4 40. Kf1 Ra4 41. a7 Ra2 42. Ke1 d4 43. Kd1 d3 44. Kc1 d2+ 45. Kd1 g5 46. Rh7 Kf6 47. f4 Kg6 48. Rh8 Rxa7 49. Rg8+ Kf5 50. fxg5 Ra1+ 51. Kxd2 Ra2+ 52. Ke3 Rxg2 53. Rf8+ Kg6 54. Kf3 Rxg5 55. Rg8+ Kf5 56. Rxg5+ Kxg5 57. Ke4 Kg6 58. Kf4 Kf6 59. Kg4 Kg6 60. Kxh4 Kh6 61. Kg3 Kg6 62. h4 Kh6 63. h5 Kxh5 1/2-1/2

[Event "European Online Club-ch-I 2021"]
[Site "Online"]
[Date "2021.03.27"]
[Round "8.14"]
[White "Godart, Francois"]
[Black "Heberla, Bartlomiej"]
[Result "1-0"]
[ECO "C37"]
[WhiteElo "2422"]
[BlackElo "2556"]
[Annotator "ChessBase"]
[PlyCount "51"]
[EventDate "2021.03.27"]
[EventType "team-tourn"]
[EventCountry "NET"]
[SourceTitle "playchess.com"]
[Source "ChessBase"]
[SourceQuality "1"]
[TimeControl "900+5"]

1. e4 e5 2. f4 exf4 3. Nf3 g5 4. Nc3 Bg7 5. d4 h6 6. g3 fxg3 7. hxg3 Nc6 8. Be3 Nge7 9. Bc4 Na5 10. Bd3 d5 11. Qe2 Bg4 12. exd5 O-O 13. Bh7+ Kxh7 14. Nxg5+ Kg8 15. Qxg4 hxg5 16. Bxg5 Re8 17. O-O-O Qc8 18. Qh4 Ng6 19. Qh7+ Kf8 20. Rhf1 Qd7 21. Qxg6 Kg8 22. Qh5 Nc4 23. Bf6 Ne3 24. Bxg7 Kxg7 25. Qg5+ Kf8 26. Rh1 1-0

[Event "European Online Club-ch-I 2021"]
[Site "Online"]
[Date "2021.03.27"]
[Round "8.15"]
[White "Polak, Tomas"]
[Black "Marechal, Andy"]
[Result "1-0"]
[ECO "D17"]
[WhiteElo "2553"]
[BlackElo "2332"]
[Annotator "ChessBase"]
[PlyCount "127"]
[EventDate "2021.03.27"]
[EventType "team-tourn"]
[EventCountry "NET"]
[SourceTitle "playchess.com"]
[Source "ChessBase"]
[SourceQuality "1"]
[TimeControl "900+5"]

1. d4 d5 2. c4 c6 3. Nc3 Nf6 4. Nf3 dxc4 5. a4 Bf5 6. Nh4 Bg6 7. Nxg6 hxg6 8. e3 e6 9. Bxc4 Bb4 10. h3 Nbd7 11. Bd2 a5 12. Qf3 Qe7 13. Bb3 e5 14. dxe5 Nxe5 15. Qe2 O-O 16. O-O Rad8 17. Rfd1 Nd3 18. Rab1 Nc5 19. Bc2 Rd7 20. Qc4 Rfd8 21. Be1 Qe6 22. Qxe6 Nxe6 23. Kf1 Kf8 24. Ke2 Ke7 25. Rxd7+ Rxd7 26. f3 Nd5 27. Bb3 Nxc3+ 28. bxc3 Bc5 29. Bc4 g5 30. h4 gxh4 31. Bxh4+ f6 32. Be1 Nf8 33. Bd3 Kd8 34. Bf5 Re7 35. Rd1+ Kc7 36. Bg3+ Kb6 37. e4 g6 38. Bc8 f5 39. Bh4 Rf7 40. e5 Be7 41. Rb1+ Kc7 42. Rxb7+ Kxc8 43. Rxe7 Rxe7 44. Bxe7 Ne6 45. g3 Kd7 46. Ba3 Kc7 47. Kd3 Kb6 48. Be7 Kc7 49. Ke3 Kb7 50. Kf2 Kc7 51. Kg2 Kb7 52. Ba3 Kc7 53. Kh3 Kb6 54. g4 fxg4+ 55. Kxg4 Kc7 56. c4 Kd7 57. Bc1 Nd4 58. Be3 Nb3 59. Kg5 Ke6 60. f4 Kf7 61. e6+ Kxe6 62. Kxg6 Na1 63. f5+ Ke7 64. f6+ 1-0

[Event "European Online Club-ch-I 2021"]
[Site "Online"]
[Date "2021.03.27"]
[Round "8.16"]
[White "Schwerteck, Michael"]
[Black "Nayhebaver, Martin"]
[Result "0-1"]
[ECO "E19"]
[WhiteElo "2113"]
[BlackElo "2485"]
[Annotator "ChessBase"]
[PlyCount "118"]
[EventDate "2021.03.27"]
[EventType "team-tourn"]
[EventCountry "NET"]
[SourceTitle "playchess.com"]
[Source "ChessBase"]
[SourceQuality "1"]
[TimeControl "900+5"]

1. d4 Nf6 2. Nf3 e6 3. g3 b6 4. Bg2 Bb7 5. O-O Be7 6. c4 O-O 7. Nc3 Ne4 8. Qc2 Nxc3 9. Qxc3 d6 10. b3 Nd7 11. Bb2 Be4 12. Rfd1 a5 13. Bf1 Bf6 14. Nd2 Bb7 15. Qc2 g6 16. e4 Bg7 17. Bg2 Qe7 18. a3 f5 19. d5 Bxb2 20. Qxb2 e5 21. exf5 gxf5 22. Re1 f4 23. Qc3 Rf6 24. Ne4 Rg6 25. Bh3 Rf8 26. Rf1 Nf6 27. Rae1 Kh8 28. Qd3 Rh6 29. Be6 Nxe4 30. Rxe4 Qg5 31. Qf3 Rxe6 32. dxe6 Qg6 33. Rfe1 Qxe6 34. gxf4 Bxe4 35. Rxe4 Qg6+ 36. Kf1 Qf5 37. Ke2 exf4 38. Qd3 f3+ 39. Ke3 Qg5+ 40. Kd4 Qf6+ 41. Ke3 Qh6+ 42. Kd4 Qxh2 43. Qe3 Qh5 44. Re7 Qc5+ 45. Kd3 Qf5+ 46. Kc3 Qf6+ 47. Kc2 Qg6+ 48. Kc3 Qf6+ 49. Kc2 c5 50. Rb7 Qg6+ 51. Kb2 Qf6+ 52. Kc2 Qf5+ 53. Kb2 Qe5+ 54. Qxe5+ dxe5 55. Re7 Rf5 56. Kc2 h5 57. Kd3 h4 58. Ke4 Rh5 59. Kxf3 h3 0-1

[Event "European Online Club-ch-I 2021"]
[Site "Online"]
[Date "2021.03.27"]
[Round "8.17"]
[White "Iskandarov, Misratdin"]
[Black "Batsiashvili, Nino"]
[Result "1-0"]
[ECO "B11"]
[WhiteElo "2535"]
[BlackElo "2491"]
[Annotator "ChessBase"]
[PlyCount "59"]
[EventDate "2021.03.27"]
[EventType "team-tourn"]
[EventCountry "NET"]
[SourceTitle "playchess.com"]
[Source "ChessBase"]
[SourceQuality "1"]
[TimeControl "900+5"]

1. e4 c6 2. Nc3 d5 3. Nf3 dxe4 4. Nxe4 Nf6 5. Qe2 Nxe4 6. Qxe4 Be6 7. b3 Nd7 8. Bb2 Nf6 9. Qe2 g6 10. Ng5 Qd7 11. Nxe6 fxe6 12. g3 Bh6 13. Bh3 Qd5 14. O-O-O Rd8 15. Bxe6 Bxd2+ 16. Kb1 Qa5 17. a3 Rd6 18. b4 Qd8 19. Bb3 Kf8 20. f4 a5 21. Be5 Rd7 22. Be6 axb4 23. Bxd7 Bc3 24. Be6 Qb6 25. Bxc3 bxc3+ 26. Bb3 Nd5 27. Qe5 Rg8 28. Rxd5 cxd5 29. Qxd5 e6 30. Qxe6 1-0

[Event "European Online Club-ch-I 2021"]
[Site "Online"]
[Date "2021.03.27"]
[Round "8.18"]
[White "Javakhishvili, Lela"]
[Black "Muradli, Mahammad"]
[Result "1-0"]
[ECO "D63"]
[WhiteElo "2473"]
[BlackElo "2449"]
[Annotator "ChessBase"]
[PlyCount "47"]
[EventDate "2021.03.27"]
[EventType "team-tourn"]
[EventCountry "NET"]
[SourceTitle "playchess.com"]
[Source "ChessBase"]
[SourceQuality "1"]
[TimeControl "900+5"]

1. d4 d5 2. c4 e6 3. Nc3 Be7 4. Nf3 Nf6 5. Bg5 h6 6. Bh4 O-O 7. e3 Nbd7 8. Rc1 c5 9. dxc5 dxc4 10. Bxc4 Nxc5 11. O-O a6 12. Ne5 Qd6 13. Bg3 Qb8 14. Ng6 fxg6 15. Bxb8 Rxb8 16. b4 Nce4 17. Nxe4 Nxe4 18. Qd3 Nf6 19. Qxg6 Bxb4 20. Bb3 Bd6 21. Rfd1 Be5 22. f4 Bb2 23. Rc7 Nd5 24. Rxd5 1-0

[Event "European Online Club-ch-I 2021"]
[Site "Online"]
[Date "2021.03.27"]
[Round "8.19"]
[White "Mammadzada, Gunay"]
[Black "Bulmaga, Irina"]
[Result "1-0"]
[ECO "B90"]
[WhiteElo "2443"]
[BlackElo "2440"]
[Annotator "NA"]
[PlyCount "111"]
[EventDate "2021.03.27"]
[EventType "team-tourn"]
[EventCountry "NET"]
[SourceTitle "playchess.com"]
[Source "ChessBase"]
[SourceQuality "1"]
[TimeControl "900+5"]

1. e4 c5 2. Nf3 d6 3. d4 cxd4 4. Nxd4 Nf6 5. Nc3 a6 6. Be3 e5 7. Nb3 Be6 8. Qd2 Nbd7 9. O-O-O b5 10. f4 Be7 11. h3 O-O 12. f5 Bc4 13. g4 Bxf1 14. Rhxf1 b4 15. Nd5 Nxd5 16. exd5 a5 17. Kb1 a4 18. Nc1 Qa5 19. g5 Bd8 20. Nd3 Bb6 21. Bxb6 Nxb6 22. Nxb4 Nc4 23. Qe1 Ne3 24. Qxe3 Qxb4 25. c3 Qb5 26. Qd3 Qc5 27. g6 f6 28. gxh7+ Kh8 29. Rd2 Rfb8 30. Ka1 Rc8 31. Rc2 Qc4 32. Qf3 Ra5 33. Rd1 Rcc5 34. Qh5 Rc8 35. Qf7 Qh4 36. Rg1 Qxh7 37. Rcg2 Rg8 38. Rg4 Raa8 39. Qe7 Rad8 40. Rxg7 Qh6 41. a3 Rxg7 42. Qxd8+ Kh7 43. Rxg7+ Qxg7 44. Qxd6 Qg1+ 45. Ka2 Qf1 46. Qe7+ Kg8 47. Qe8+ Kg7 48. Qg6+ Kh8 49. Qxf6+ Kh7 50. Qh4+ Kg7 51. Qxa4 Qxf5 52. Qg4+ Kf6 53. Qxf5+ Kxf5 54. Kb3 e4 55. d6 e3 56. Kc2 1-0

[Event "European Online Club-ch-I 2021"]
[Site "Online"]
[Date "2021.03.27"]
[Round "8.20"]
[White "Daulyte-Cornette, Deimante"]
[Black "Bashirli, Nail"]
[Result "1/2-1/2"]
[ECO "B04"]
[WhiteElo "2387"]
[BlackElo "2382"]
[Annotator "NA"]
[PlyCount "80"]
[EventDate "2021.03.27"]
[EventType "team-tourn"]
[EventCountry "NET"]
[SourceTitle "playchess.com"]
[Source "ChessBase"]
[SourceQuality "1"]
[TimeControl "900+5"]

1. e4 Nf6 2. e5 Nd5 3. d4 d6 4. c4 Nb6 5. exd6 cxd6 6. Nc3 g6 7. h3 Bg7 8. Nf3 O-O 9. Be2 Nc6 10. O-O Bf5 11. Bg5 h6 12. Be3 Rc8 13. b3 e5 14. Rc1 Kh7 15. dxe5 dxe5 16. Nb5 e4 17. Nfd4 Nxd4 18. Nxd4 Qf6 19. c5 Na8 20. Nb5 Rfd8 21. Qe1 Nc7 22. Nxa7 Ra8 23. c6 bxc6 24. Nxc6 Rd6 25. Nd4 Nd5 26. a4 Bxh3 27. Nb5 Nxe3 28. fxe3 Qg5 29. Rf2 Rd7 30. Bf1 Be6 31. Nc7 Be5 32. Nxa8 Bg3 33. Bc4 Qh4 34. Bxe6 fxe6 35. Nb6 Qh2+ 36. Kf1 Qh1+ 37. Ke2 Qh5+ 38. Kf1 Qh1+ 39. Ke2 Qh5+ 40. Kf1 Qh1+ 1/2-1/2

[Event "European Online Club-ch-I 2021"]
[Site "Online"]
[Date "2021.03.27"]
[Round "9.1"]
[White "Batsiashvili, Nino"]
[Black "Ribbegren, Karl Johan"]
[Result "1-0"]
[ECO "E10"]
[WhiteElo "2491"]
[BlackElo "2185"]
[Annotator "ChessBase"]
[PlyCount "69"]
[EventDate "2021.03.27"]
[EventType "team-tourn"]
[EventCountry "NET"]
[SourceTitle "playchess.com"]
[Source "ChessBase"]
[SourceQuality "1"]
[TimeControl "900+5"]

1. d4 Nf6 2. Nf3 c5 3. d5 e6 4. c4 b5 5. dxe6 fxe6 6. cxb5 d5 7. Bg5 Bd6 8. Nc3 Bb7 9. e3 O-O 10. Be2 Nbd7 11. a4 Qe8 12. a5 Rd8 13. b6 axb6 14. a6 Ba8 15. Nb5 Ne5 16. Nxd6 Nxf3+ 17. Bxf3 Rxd6 18. O-O Qg6 19. Bf4 Rd7 20. Qb3 Ne4 21. Rfd1 e5 22. Bxe4 Qxe4 23. Bg3 c4 24. Qxb6 d4 25. Qe6+ Rdf7 26. f3 Qxe3+ 27. Bf2 Qg5 28. h4 Qf4 29. Ra5 e4 30. Rxd4 Qc1+ 31. Kh2 exf3 32. Rg5 Qf1 33. Rxg7+ Kxg7 34. Rg4+ Kh8 35. Bd4+ 1-0

[Event "European Online Club-ch-I 2021"]
[Site "Online"]
[Date "2021.03.27"]
[Round "9.2"]
[White "Verdier, Patrice"]
[Black "Javakhishvili, Lela"]
[Result "0-1"]
[ECO "E20"]
[WhiteElo "2109"]
[BlackElo "2473"]
[Annotator "ChessBase"]
[PlyCount "70"]
[EventDate "2021.03.27"]
[EventType "team-tourn"]
[EventCountry "NET"]
[SourceTitle "playchess.com"]
[Source "ChessBase"]
[SourceQuality "1"]
[TimeControl "900+5"]

1. d4 Nf6 2. c4 e6 3. Nc3 Bb4 4. f3 O-O 5. e4 Bxc3+ 6. bxc3 d6 7. Bd3 Nbd7 8. Ne2 b6 9. O-O Bb7 10. Ng3 c5 11. f4 Ne8 12. Qg4 Kh8 13. Be3 Rc8 14. Rad1 Qe7 15. e5 f5 16. exf6 gxf6 17. f5 e5 18. d5 b5 19. cxb5 Bxd5 20. c4 Bb7 21. Be4 Nb6 22. Rc1 d5 23. cxd5 Nxd5 24. Bxd5 Bxd5 25. Ne4 Rg8 26. Qh4 Qb7 27. Ng3 Bxg2 28. Rf2 Bd5 29. a4 c4 30. Rc3 Qf7 31. Kf1 Nd6 32. Rd2 Rxg3 33. Rxd5 Nxf5 34. Qe4 Nxe3+ 35. Rxe3 Rxe3 0-1

[Event "European Online Club-ch-I 2021"]
[Site "Online"]
[Date "2021.03.27"]
[Round "9.3"]
[White "Bulmaga, Irina"]
[Black "Van Hoolandt, Patrick"]
[Result "1-0"]
[ECO "C45"]
[WhiteElo "2440"]
[BlackElo "2017"]
[Annotator "NA"]
[PlyCount "101"]
[EventDate "2021.03.27"]
[EventType "team-tourn"]
[EventCountry "NET"]
[SourceTitle "playchess.com"]
[Source "ChessBase"]
[SourceQuality "1"]
[TimeControl "900+5"]

1. e4 e5 2. Nf3 Nc6 3. d4 exd4 4. Nxd4 Nf6 5. Nxc6 bxc6 6. Qe2 Qe7 7. Nc3 a5 8. Bg5 Ba6 9. Qf3 Bxf1 10. Rxf1 Qe5 11. Bxf6 gxf6 12. O-O-O Bb4 13. Rd3 d6 14. Ne2 Rb8 15. c3 Bc5 16. Ng3 a4 17. Qg4 a3 18. b3 h5 19. Qg7 Qg5+ 20. Qxg5 fxg5 21. h3 f6 22. Kc2 Kf7 23. b4 Bb6 24. Kb3 Ra8 25. Nf5 Rhe8 26. f3 h4 27. c4 c5 28. b5 Reb8 29. Rb1 Ke6 30. Kc2 Rb7 31. Rbb3 Ra4 32. Ne3 Rba7 33. Rd5 R7a5 34. Kd3 Ra8 35. Rf5 Rb4 36. Kc3 Raa4 37. f4 Ba5 38. Kc2 gxf4 39. Rxf4 Bb6 40. Rxh4 Rxc4+ 41. Nxc4 Rxc4+ 42. Rc3 Rb4 43. Rxa3 Rxb5 44. Rg4 c4 45. Kc3 Rc5 46. Kb4 Rc6 47. Rc3 d5 48. exd5+ Kxd5 49. Rgxc4 Ba5+ 50. Kb5 Bxc3 51. Rxc6 1-0

[Event "European Online Club-ch-I 2021"]
[Site "Online"]
[Date "2021.03.27"]
[Round "9.4"]
[White "Meylan, Pierre"]
[Black "Atalik, Ekaterina"]
[Result "1/2-1/2"]
[ECO "B18"]
[WhiteElo "2053"]
[BlackElo "2430"]
[Annotator "NA"]
[PlyCount "80"]
[EventDate "2021.03.27"]
[EventType "team-tourn"]
[EventCountry "NET"]
[SourceTitle "playchess.com"]
[Source "ChessBase"]
[SourceQuality "1"]
[TimeControl "900+5"]

1. e4 c6 2. d4 d5 3. Nd2 dxe4 4. Nxe4 Bf5 5. Ng3 Bg6 6. Nf3 e6 7. Bd3 Nf6 8. O-O Be7 9. c4 Bxd3 10. Qxd3 O-O 11. b3 c5 12. Bb2 Nc6 13. Rfd1 cxd4 14. Nxd4 Nxd4 15. Bxd4 Qc7 16. Qe3 b6 17. Ne4 Nxe4 18. Qxe4 Rfd8 19. Be5 Qc5 20. Bd4 Qc7 21. Be5 Rxd1+ 22. Rxd1 Rd8 23. Rxd8+ Qxd8 24. Qd4 Qxd4 25. Bxd4 f6 26. f3 Kf7 27. Kf2 e5 28. Be3 Ke6 29. Ke2 f5 30. Kd3 Bc5 31. Bc1 h5 32. a3 g6 33. b4 Bg1 34. h3 Bf2 35. Be3 Bxe3 36. Kxe3 h4 37. Kd3 g5 38. Ke3 Kd6 39. Kd3 Kc6 40. Ke3 Kd6 1/2-1/2

[Event "European Online Club-ch-I 2021"]
[Site "Online"]
[Date "2021.03.27"]
[Round "9.5"]
[White "Arnaudov, G. Petar"]
[Black "Iskandarov, Misratdin"]
[Result "1/2-1/2"]
[ECO "D02"]
[WhiteElo "2471"]
[BlackElo "2535"]
[Annotator "ChessBase"]
[PlyCount "123"]
[EventDate "2021.03.27"]
[EventType "team-tourn"]
[EventCountry "NET"]
[SourceTitle "playchess.com"]
[Source "ChessBase"]
[SourceQuality "1"]
[TimeControl "900+5"]

1. d4 Nf6 2. Nf3 g6 3. Nbd2 d5 4. b4 Bg7 5. e3 O-O 6. c4 a5 7. b5 c5 8. dxc5 Nbd7 9. Bb2 Nxc5 10. Be2 Bf5 11. O-O Nd3 12. Bd4 Rc8 13. Qb3 Nc5 14. Qa3 Nfe4 15. Rfd1 Bxd4 16. Nxd4 Nxd2 17. Rxd2 dxc4 18. Bxc4 Ne4 19. Rdd1 Qb6 20. Nxf5 gxf5 21. Bd3 Nd6 22. Qa4 Qc5 23. Qh4 Qe5 24. b6 Kh8 25. Rab1 Rg8 26. Qd4 Qxd4 27. exd4 Kg7 28. g3 Kg6 29. Kg2 Kf6 30. Rbc1 Rgd8 31. Kf3 Rxc1 32. Rxc1 Nc8 33. Rc5 e6 34. Rxa5 Rxd4 35. Ba6 Nd6 36. Be2 Rb4 37. Ra8 Rxb6 38. a4 Ne4 39. Bb5 Nc3 40. Bf1 Rb3 41. Kg2 Rb2 42. Kf3 Ne4 43. Be2 e5 44. a5 Ng5+ 45. Ke3 f4+ 46. gxf4 exf4+ 47. Kd3 f3 48. Bd1 Nh3 49. Ke3 Ra2 50. Kxf3 Nxf2 51. Be2 Nh3 52. Bc4 Ra3+ 53. Ke4 Ng5+ 54. Kd5 Ne6 55. Kd6 Rc3 56. Rc8 Nd4 57. Rc7 Nf5+ 58. Kd7 Ra3 59. Rc5 Rc3 60. Rc7 Ra3 61. Rc5 Rc3 62. Rc7 1/2-1/2

[Event "European Online Club-ch-I 2021"]
[Site "Online"]
[Date "2021.03.27"]
[Round "9.6"]
[White "Muradli, Mahammad"]
[Black "Godart, Francois"]
[Result "1-0"]
[ECO "E14"]
[WhiteElo "2449"]
[BlackElo "2422"]
[Annotator "NA"]
[PlyCount "93"]
[EventDate "2021.03.27"]
[EventType "team-tourn"]
[EventCountry "NET"]
[SourceTitle "playchess.com"]
[Source "ChessBase"]
[SourceQuality "1"]
[TimeControl "900+5"]

1. Nf3 d5 2. c4 e6 3. e3 Nf6 4. b3 Be7 5. Bb2 O-O 6. Be2 b6 7. O-O Bb7 8. d4 Nbd7 9. Nc3 a6 10. Rc1 Bd6 11. Qc2 Ne4 12. cxd5 exd5 13. Nxe4 dxe4 14. Nd2 Qh4 15. g3 Qh3 16. Nxe4 f5 17. Bc4+ Kh8 18. Be6 Nf6 19. f3 Nxe4 20. fxe4 Bxe4 21. Qxe4 Qxf1+ 22. Kxf1 fxe4+ 23. Ke2 Rf6 24. d5 Rf3 25. Bg4 Rff8 26. Rc4 Rae8 27. Be6 Rf3 28. Rxe4 Ref8 29. Bd4 Rf1 30. Rg4 R8f2+ 31. Kd3 Bf8 32. Be5 Rc1 33. a4 a5 34. h4 Rb1 35. Kc3 Rfb2 36. Rf4 Rxb3+ 37. Kc2 Bc5 38. Rf7 h5 39. Rxg7 Bd6 40. Rg8+ Kh7 41. Rh8+ Kg6 42. Rg8+ Kh7 43. Bd4 Bc5 44. Bf6 Rb4 45. Rg5 Rf1 46. Bg8+ Kh6 47. Bg7# 1-0

[Event "European Online Club-ch-I 2021"]
[Site "Online"]
[Date "2021.03.27"]
[Round "9.7"]
[White "Marechal, Andy"]
[Black "Mammadzada, Gunay"]
[Result "1/2-1/2"]
[ECO "B23"]
[WhiteElo "2332"]
[BlackElo "2443"]
[Annotator "NA"]
[PlyCount "73"]
[EventDate "2021.03.27"]
[EventType "team-tourn"]
[EventCountry "NET"]
[SourceTitle "playchess.com"]
[Source "ChessBase"]
[SourceQuality "1"]
[TimeControl "900+5"]

1. e4 c5 2. Nc3 d6 3. f4 g6 4. Nf3 Bg7 5. Bb5+ Bd7 6. Bc4 Nc6 7. O-O Na5 8. Be2 Nf6 9. d3 O-O 10. Qe1 Nc6 11. Qh4 Nd4 12. Bd1 Bg4 13. Nxd4 cxd4 14. Bxg4 dxc3 15. b3 Nxg4 16. Qxg4 Qb6+ 17. Kh1 f5 18. Qe2 e6 19. a4 Rae8 20. Be3 Qa5 21. Rae1 a6 22. Qf2 fxe4 23. Bb6 Qd5 24. dxe4 Qc6 25. a5 e5 26. f5 d5 27. g4 dxe4 28. Qe3 Rf7 29. Qxe4 Qxe4+ 30. Rxe4 h5 31. h3 hxg4 32. hxg4 Ref8 33. Rc4 gxf5 34. gxf5 e4 35. Rxe4 Rxf5 36. Rxf5 Rxf5 37. Kg2 1/2-1/2

[Event "European Online Club-ch-I 2021"]
[Site "Online"]
[Date "2021.03.27"]
[Round "9.8"]
[White "Bashirli, Nail"]
[Black "Dishman, Stephen"]
[Result "1/2-1/2"]
[ECO "B11"]
[WhiteElo "2382"]
[BlackElo "2316"]
[Annotator "NA"]
[PlyCount "153"]
[EventDate "2021.03.27"]
[EventType "team-tourn"]
[EventCountry "NET"]
[SourceTitle "playchess.com"]
[Source "ChessBase"]
[SourceQuality "1"]
[TimeControl "900+5"]

1. e4 c6 2. Nc3 d5 3. Nf3 dxe4 4. Nxe4 Nf6 5. Qe2 Nxe4 6. Qxe4 Nd7 7. Bc4 Nf6 8. Ne5 e6 9. Qf4 b5 10. Be2 Bd6 11. d4 O-O 12. O-O Qc7 13. Re1 Bb7 14. Bd3 c5 15. dxc5 Qxc5 16. Qg3 g6 17. Bh6 Nh5 18. Qe3 Qd5 19. Bf1 Rfe8 20. Rad1 Qxe5 21. Qxe5 Bxe5 22. Rxe5 a6 23. Rd7 Bd5 24. b3 Nf6 25. Rd6 Ng4 26. Bf4 Nxe5 27. Bxe5 Rec8 28. c3 Kf8 29. Bf6 Ke8 30. f4 Rc6 31. Rxc6 Bxc6 32. Kf2 Ra7 33. Ke3 Rd7 34. Bd4 h5 35. g3 Kd8 36. Bd3 Kc7 37. Be5+ Kb7 38. Bd4 Bd5 39. Be2 Kc6 40. Bd3 Rd8 41. Bf6 Ra8 42. Bc2 a5 43. a3 Rc8 44. Kd4 Kb6 45. Ke3 Kc6 46. Kd4 Rc7 47. Ke3 Rd7 48. Bd4 Bh1 49. Bd3 Rd8 50. Bf6 Ra8 51. Kd4 Bd5 52. Bc2 a4 53. b4 Rc8 54. Bd3 Kb6 55. Be7 Re8 56. Bc5+ Kc6 57. Ke3 Rb8 58. Bd4 Rb7 59. Bf6 Bh1 60. Bc2 Kd5 61. Bd3 Kc6 62. Bd4 Rd7 63. Bc2 Bd5 64. Bd3 Bc4 65. Be4+ Bd5 66. Bd3 f5 67. Be2 Bh1 68. Bf1 Rb7 69. Be2 Kd5 70. Bd3 Be4 71. Be2 Rb8 72. h4 Rb7 73. Bf1 Kc6 74. Be2 Kd5 75. Bf1 Kc6 76. Kd2 Kd5 77. Ke3 1/2-1/2

[Event "European Online Club-ch-I 2021"]
[Site "Online"]
[Date "2021.03.27"]
[Round "9.9"]
[White "Skytte, Rasmus"]
[Black "Saric, Ivan"]
[Result "0-1"]
[ECO "B22"]
[WhiteElo "2381"]
[BlackElo "2648"]
[Annotator "ChessBase"]
[PlyCount "140"]
[EventDate "2021.03.27"]
[EventType "team-tourn"]
[EventCountry "NET"]
[SourceTitle "playchess.com"]
[Source "ChessBase"]
[SourceQuality "1"]
[TimeControl "900+5"]

1. e4 c5 2. c3 Nf6 3. e5 Nd5 4. d4 cxd4 5. Nf3 d6 6. Bc4 Nb6 7. Bb3 Nc6 8. exd6 Qxd6 9. O-O Be6 10. Na3 Bxb3 11. Qxb3 Qd7 12. Rd1 d3 13. c4 Rd8 14. c5 Nd5 15. Nc4 e6 16. Nfe5 Qc7 17. Nxc6 bxc6 18. Qa3 Be7 19. Rxd3 O-O 20. Bd2 Rd7 21. Re1 Nf6 22. Nd6 Nd5 23. Nc4 Qc8 24. Ne5 Rb7 25. b4 Rd8 26. Qa4 Rc7 27. a3 f6 28. Nc4 e5 29. Na5 Kf8 30. g3 Qf5 31. Qb3 Rcd7 32. Rf3 Qe6 33. Bc1 Rc8 34. Rd3 e4 35. Rdd1 f5 36. Bb2 Bd8 37. Nc4 Bc7 38. Ne3 Rcd8 39. Nxd5 Rxd5 40. Rxd5 Qxd5 41. Qc3 Rd7 42. a4 a6 43. b5 axb5 44. axb5 cxb5 45. c6 Rf7 46. Ra1 Rf6 47. Ra8+ Ke7 48. Ba3+ Kf7 49. Ra7 Qd1+ 50. Kg2 Qf3+ 51. Qxf3 exf3+ 52. Kxf3 Rxc6 53. Bd6 Rxd6 54. Rxc7+ Kf6 55. Rb7 Rd3+ 56. Kg2 Rb3 57. h4 h5 58. Rb6+ Kf7 59. f3 Rb2+ 60. Kh3 b4 61. f4 b3 62. Rb5 Ke6 63. Rb7 g6 64. Rg7 Rc2 65. Rxg6+ Kd5 66. Rb6 b2 67. g4 fxg4+ 68. Kg3 Kc4 69. f5 Rc3+ 70. Kf4 Rb3 0-1

[Event "European Online Club-ch-I 2021"]
[Site "Online"]
[Date "2021.03.27"]
[Round "9.10"]
[White "Heberla, Bartlomiej"]
[Black "Sorensen, Jan"]
[Result "1-0"]
[ECO "C02"]
[WhiteElo "2556"]
[BlackElo "2369"]
[Annotator "ChessBase"]
[PlyCount "169"]
[EventDate "2021.03.27"]
[EventType "team-tourn"]
[EventCountry "NET"]
[SourceTitle "playchess.com"]
[Source "ChessBase"]
[SourceQuality "1"]
[TimeControl "900+5"]

1. e4 e6 2. d4 d5 3. e5 c5 4. c3 Qb6 5. Nf3 Nc6 6. Na3 cxd4 7. cxd4 Bb4+ 8. Bd2 Bxa3 9. bxa3 Nxd4 10. Qa4+ Nc6 11. Bd3 Nge7 12. O-O Bd7 13. Qg4 Kf8 14. Rab1 Qc7 15. Rfc1 b6 16. Bb4 Qd8 17. Bd6 Kg8 18. Rc3 Nc8 19. Bb4 a5 20. Bd6 Nxd6 21. exd6 e5 22. Bf5 Bxf5 23. Qxf5 g6 24. Qg4 Qxd6 25. Rbc1 Ne7 26. Rc7 Kg7 27. Rd7 Qf6 28. Rcc7 Rac8 29. Rxe7 Qxe7 30. Rxc8 f5 31. Qh4 Qxh4 32. Rc7+ Kf6 33. Nxh4 e4 34. g3 Ke5 35. Kf1 Kd6 36. Rc1 Rf8 37. Ng2 g5 38. Ke2 f4 39. gxf4 gxf4 40. f3 Ke5 41. Rc7 Rg8 42. Ne1 Rg1 43. Rxh7 Kd4 44. Rh4 Ke5 45. Kf2 Rh1 46. Ng2 e3+ 47. Ke2 Ra1 48. Nxf4 Rxa2+ 49. Kxe3 d4+ 50. Kd3 Rxa3+ 51. Ke2 Ra2+ 52. Ke1 a4 53. Nd3+ Kf5 54. Rf4+ Kg5 55. h4+ Kh5 56. Rxd4 b5 57. Rb4 a3 58. Rxb5+ Kxh4 59. Ra5 Kg3 60. f4 Kf3 61. f5 Ke3 62. Nc1 Ra1 63. Kd1 Rb1 64. Rxa3+ Ke4 65. Ra5 Rb6 66. Ne2 Rf6 67. Nc3+ Kd3 68. Ne2 Ke4 69. Ng3+ Kf3 70. Nh5 Rd6+ 71. Kc2 Kg4 72. f6 Rd7 73. Re5 Kh4 74. Kc3 Kg4 75. Kc4 Kh4 76. Kc5 Kg4 77. Kc6 Ra7 78. Kd6 Rb7 79. Ke6 Ra7 80. f7 Ra6+ 81. Ke7 Ra7+ 82. Kf6 Ra6+ 83. Kg7 Ra7 84. Nf6+ Kf4 85. Rd5 1-0